 Dungeon Crawl Stone Soup version 0.29-a0-360-g8ed1089bbe (webtiles) character file.

Game seed: 12164935324904275864

16017 zishaf the Demolition Dwarf (level 12, -15/116 HPs)
             Began as a Deep Dwarf Necromancer on Apr 28, 2022.
             Was an Elder of Makhleb.
             Killed from afar by an efreet (17 damage)
             ... with a bolt of fire
             ... in a Gauntlet.
             The game lasted 00:40:48 (15275 turns).

zishaf the Demolition Dwarf (DDNe)                 Turns: 15275, Time: 00:40:48

Health: -15/116    AC:  9    Str: 25    XL:     12   Next: 6%
Magic:  20/20      EV: 15    Int: 14    God:    Makhleb [****..]
Gold:   672        SH: 16    Dex: 16    Spells: 7/15 levels left

rFire   . . .      SeeInvis .   v - +3 war axe (vorpal)
rCold   + + .      Faith    .   P - +0 kite shield
rNeg    . . .      Spirit   .   K - +3 leather armour of Cowardice {rC++ Str+9 Int-3 Dex+3}
rPois   .          Reflect  +   o - +0 helmet
rElec   .          Harm     .   y - +0 cloak
rCorr   .          Rampage  .   (no gloves)
Will    ++...      NoTele   +   N - +0 pair of boots
Stlth   ++........              C - amulet of reflection
HPRegen 0.00/turn               h - ring of willpower
MPRegen 0.17/turn               H - +4 ring of evasion

@: studying Axes
A: damage resistance, heal wounds, sense surroundings 2, no regeneration
a: Heal Wounds, Renounce Religion, Minor Destruction, Lesser Servant of Makhleb,
Major Destruction


You were in a Gauntlet.
You worshipped Makhleb.
Makhleb was greatly pleased with you.
You visited 2 branches of the dungeon, and saw 12 of its levels.
You also visited: Bailey and Gauntlet.

You collected 672 gold pieces.

Inventory:

Hand Weapons
 q - a +0 hunting sling
 v - a +3 vorpal war axe (weapon)
 w - a +5 spectral flail
 x - a +0 broad axe
 F - a +0 falchion of holy wrath
Missiles
 d - 321 stones
 e - 10 silver javelins (quivered)
 l - 34 poisoned darts
 n - 14 boomerangs
 p - a throwing net
Armour
 o - a +0 helmet (worn)
 t - a +1 tower shield of protection
 y - a +0 cloak (worn)
 K - the +3 leather armour of Cowardice (worn) {rC++ Str+9 Int-3 Dex+3}
   (You found it in a bailey)

   Str:       It affects your strength (+9).
   Int:       It affects your intelligence (-3).
   Dex:       It affects your dexterity (+3).
   rC:        It greatly protects you from cold.
 L - a +0 buckler
 N - a +0 pair of boots (worn)
 P - a +0 kite shield (worn)
 S - a +1 hat
Jewellery
 h - a ring of willpower (left hand)
 u - a ring of wizardry
 C - an amulet of reflection (around neck)
 H - a +4 ring of evasion (right hand)
 U - the amulet "Botsoup" {Spirit Fragile rElec Str+4 Dex+4}
   (You found it in a Gauntlet)

   [amulet of guardian spirit]

   It causes incoming damage to be divided between your reserves of health and
   magic.
   Str:       It affects your strength (+4).
   Dex:       It affects your dexterity (+4).
   rElec:     It insulates you from electricity.
   Fragile:   It will be destroyed if unequipped.
Wands
 A - a wand of flame (6)
 E - a wand of polymorph (3)
 M - a wand of iceblast (5)
Scrolls
 a - a scroll of magic mapping
 g - 7 scrolls of teleportation
 i - 2 scrolls of blinking
 r - a scroll of fog
 B - a scroll of amnesia
 D - 2 scrolls of fear
 I - a scroll of summoning
 R - a scroll of identify
 T - a scroll of enchant weapon
Potions
 b - a potion of mutation
 c - a potion of cancellation
 f - a potion of brilliance
 j - 4 potions of haste
 k - 3 potions of lignification
 m - a potion of ambrosia
 s - a potion of berserk rage
 z - 2 potions of might
 G - 2 potions of magic
 J - a potion of resistance
 O - 2 potions of curing
Miscellaneous
 Q - a phial of floods


   Skills:
 + Level 9.8 Fighting
 + Level 11.3 Axes
 - Level 3.0 Throwing
 - Level 2.1 Dodging
 - Level 2.4 Stealth
 + Level 7.3 Shields
 - Level 2.0 Spellcasting
 + Level 8.7 Necromancy
 + Level 12.5 Invocations
 - Level 5.0 Evocations


You had 7 spell levels left.
You knew the following spells:

 Your Spells              Type           Power      Damage    Failure   Level
a - Pain                  Necr           100%       1d9       1%          1
b - Vampiric Draining     Necr           25%        2d7       5%          3
c - Animate Dead          Necr           12%        N/A       19%         4

Your spell library contained the following spells:

 Spells                   Type           Power      Damage    Failure   Level
 Animate Skeleton         Necr           50%        N/A       1%          1
 Agony                    Necr           25%        N/A       45%         5
 Scorch                   Fire           2%         2d5       71%         2
 Dazzling Flash           Conj/Hex       2%         N/A       90%         3
 Frozen Ramparts          Ice            2%         1d2       90%         3
 Ice Form                 Ice/Tmut       1%         N/A       100%        4
 Sticky Flame             Conj/Fire      1%         2d3       100%        4
 Summon Ice Beast         Ice/Summ       1%         N/A       100%        4
 Summon Mana Viper        Hex/Summ       1%         N/A       100%        5


Dungeon Overview and Level Annotations

Branches:
Dungeon (11/15)            Temple (1/1) D:4            Lair (0/6) D:10
    Orc (0/2) D:9          Bailey (visited)         Gauntlet (1/1)

Altars:
Ashenzari
Cheibriados
Dithmenos
Elyvilon
Fedhas
Gozag
Hepliaklqana
Kikubaaqudgha
Makhleb
Nemelex Xobeh
Okawaru
Qazlal
Ru
Sif Muna
Trog
Uskayaw
Vehumet
Wu Jian
Xom
Yredelemnul
Zin
The Shining One

Shops:
D:6 (

Annotations:
D:3 exclusion: downstairs
D:10 1 transporter Gauntlet 11 transporters, 21 runed translucent doors


Innate Abilities, Weirdness & Mutations

You are resistant to damage.
You can heal yourself by infusing magical energy.
You passively map the area around you.
You do not regenerate.


Message History

The fire elemental closely misses your neqoxec.
The fire elemental barely misses you. You block the fire elemental's attack.
Your neqoxec closely misses the fire elemental.
The fire elemental closely misses your neqoxec.
You block the fire elemental's attack.
You slash the fire elemental!
You destroy the fire elemental!
Makhleb accepts your kill.
You feel better.
You hit the fire elemental but do no damage.
The fire elemental closely misses your neqoxec.
The fire elemental hits you. The fire elemental burns you!
* * * LOW HITPOINT WARNING * * *
Your neqoxec hits the fire elemental! You hit the efreet but do no damage.
You barely miss the fire elemental. The fire elemental misses your neqoxec.
The fire elemental hits you. The fire elemental burns you!
* * * LOW HITPOINT WARNING * * *
The efreet closely misses you.
Your neqoxec hits the fire elemental but does no damage.
Unknown command.
You slash the fire elemental!
You destroy the fire elemental!
Makhleb accepts your kill.
You slash the efreet!
The fire elemental closely misses your neqoxec.
The efreet barely misses you. The fire elemental hits your neqoxec.
The fire elemental burns your neqoxec!
Your neqoxec hits the fire elemental. You hit the efreet but do no damage.
The efreet is moderately wounded.
The fire elemental misses your neqoxec. The efreet gestures at you.
The bolt of fire hits you!!
* * * LOW HITPOINT WARNING * * *
Your neqoxec closely misses the fire elemental.
You fail to use your ability.
The fire elemental hits your neqoxec. The fire elemental burns your neqoxec!
The efreet gestures at you. The bolt of fire hits you!!
You die...

#...#≈.............≈...........
...8.#∩............≈8≈..........
,##...#≈.............≈...........
#.8.#..###########...##########
#...#..##..[©($☼##...#.........
,...8.####.#.....#.#...#.#....†#.
##.....©#..#...#E.#...#..##.##††
*#.8.####...#.#3..#.###..##.##..
*.§§#..#.h..#R@..#.#©#©.#.©.#.. *
≈ ..#...#©#...#.#.#..##.##.. *
..#..#.☼.#..#.#.#[.##.##..
..#.#.E...#.#.#.#.#.....#.
*..##.......##.#.#.........
..#############.########## 8
......#©........#≈≈≈≈8≈≈≈≈
**≈.....#########.##########
####..........#.#b......bt


You could see an efreet, a fire elemental (distracted, ally target) and a
friendly neqoxec (summoned).

Vanquished Creatures
  Gastronok (D:10)
  3 two-headed ogres
  An ugly thing (D:10)
  An unseen horror (D:10)
  2 kobold demonologists (Bailey)
  4 trolls
  A hornet (D:10)
  Grinder (D:6)
  14 yaks
  A vampire (D:10)
  A wyvern (D:8)
  Sigmund (D:6)
  4 shadows (Gauntlet)
  2 wraiths
  2 fire elementals (Gauntlet)
  3 steam dragons
  Menkaure (D:4)
  Edmund (D:6)
  A swamp worm (Gauntlet)
  4 water moccasins
  A hell hound (Gauntlet)
  Duvessa (D:4)
  An ice beast (D:7)
  14 orc warriors
  3 sky beasts
  3 wolves (D:10)
  2 centaurs
  3 ogres
  A phantom (D:5)
  4 kobold brigands
  4 bullfrogs
  5 gnoll sergeants
  6 scorpions
  5 killer bees
  Dowan (D:4)
  6 howler monkeys
  2 electric eels
  2 jellies
  7 hounds
  7 orc priests
  4 iguanas
  5 orc wizards
  7 adders
  17 gnolls
  A shadow imp (D:7)
  A white imp (D:8)
  An ufetubus (D:4)
  2 worms
  6 dart slugs
  50 orcs
  8 ball pythons
  6 endoplasms
  4 giant cockroaches
  11 hobgoblins
  4 jackals (D:3)
  5 quokkas
  5 bats
  3 frilled lizards
  18 goblins
  11 kobolds
  3 rats
299 creatures vanquished.

Vanquished Creatures (collateral kills)
  A tyrant leech (Gauntlet)
  3 swamp worms (Gauntlet)
  An orc (Bailey)
  A kobold (D:2)
6 creatures vanquished.

Vanquished Creatures (others)
  A plant (D:1)
1 creature vanquished.

Grand Total: 306 creatures vanquished

Notes
Turn   | Place    | Note
-------+----------+-------------------------------------------
     0 | D:1      | zishaf the Deep Dwarf Necromancer began the quest for the
                  | Orb.
     0 | D:1      | Reached XP level 1. HP: 15/15 MP: 3/3
   417 | D:1      | Reached XP level 2. HP: 17/24 MP: 2/4
   493 | D:1      | Learned a level 1 spell: Animate Skeleton
   771 | D:1      | Found a faded altar of an unknown god.
  1244 | D:2      | Reached skill level 1 in Fighting
  1244 | D:2      | Reached skill level 5 in Necromancy
  1250 | D:2      | Reached XP level 3. HP: 23/31 MP: 0/6
  1373 | D:2      | Learned a level 3 spell: Vampiric Draining
  1718 | D:2      | Reached XP level 4. HP: 27/38 MP: 2/7
  2329 | D:3      | Reached XP level 5. HP: 37/46 MP: 1/8
  2647 | D:3      | Found Bikell's Weapon Emporium.
  3414 | D:3      | Reached skill level 1 in Axes
  3414 | D:3      | Reached XP level 6. HP: 27/55 MP: 2/9
  3649 | D:4      | Noticed Duvessa
  3717 | D:4      | Noticed Dowan
  3957 | D:4      | Identified the +5 whip of the Ghost {spect, rCorr MP-9
                  | Dex+4}
  4153 | D:4      | Noticed Menkaure
  4157 | D:4      | Killed Menkaure
  4158 | D:4      | Reached XP level 7. HP: 37/62 MP: 10/10
  4160 | D:4      | Reached skill level 1 in Throwing
  4314 | D:4      | Found a staircase to the Ecumenical Temple.
  4323 | Temple   | Entered the Ecumenical Temple
  4681 | Temple   | Became a worshipper of Makhleb the Destroyer
  5038 | D:4      | Found a stormy altar of Qazlal.
  5061 | D:4      | Identified the +2 robe "Yneubrirph" {Rampage}
  5287 | D:4      | Killed Duvessa
  5288 | D:4      | Reached skill level 1 in Invocations
  5293 | D:4      | Killed Dowan
  5592 | D:5      | Entered Level 5 of the Dungeon
  5676 | D:5      | Reached skill level 2 in Invocations
  5713 | D:5      | Reached skill level 1 in Evocations
  5801 | D:5      | Reached XP level 8. HP: 41/72 MP: 4/11
  6440 | D:5      | Reached skill level 3 in Invocations
  6586 | D:5      | Learned a level 4 spell: Animate Dead
  7082 | D:6      | Reached skill level 4 in Invocations
  7150 | D:6      | Reached * piety under Makhleb
  7235 | D:6      | Noticed Edmund
  7242 | D:6      | Killed Edmund
  7243 | D:6      | Reached skill level 5 in Axes
  7265 | D:6      | Reached skill level 5 in Fighting
  7370 | D:6      | Found Gappaoh's Weapon Emporium.
  7477 | D:6      | Reached skill level 5 in Invocations
  7477 | D:6      | Gained mutation: You passively map the area around you.
                  | [Deep Dwarf growth]
  7477 | D:6      | Reached XP level 9. HP: 76/81 MP: 5/12
  7608 | D:6      | Noticed Sigmund
  7619 | D:6      | Killed Sigmund
  7757 | D:6      | Reached skill level 5 in Evocations
  8146 | D:6      | Noticed Grinder
  8162 | D:6      | Killed Grinder
  8163 | D:6      | Reached skill level 6 in Invocations
  8414 | D:7      | Reached skill level 7 in Invocations
  8473 | D:7      | Found a flagged portal.
  8517 | Bailey   | Entered a bailey
  8750 | Bailey   | Reached ** piety under Makhleb
  8759 | Bailey   | Noticed a kobold demonologist
  8767 | Bailey   | Killed a kobold demonologist
  8768 | Bailey   | Reached skill level 8 in Invocations
  8906 | Bailey   | Found an iron altar of Okawaru.
  8906 | Bailey   | Noticed a kobold demonologist
  8916 | Bailey   | Killed a kobold demonologist
  8917 | Bailey   | Reached skill level 9 in Invocations
  9013 | Bailey   | Got the Incunabulum of the Bewitching Arsonist
  9041 | Bailey   | Identified the +3 leather armour of Cowardice {rC++ Str+9
                  | Int-3 Dex+3}
  9330 | Bailey   | Reached skill level 1 in Shields
  9330 | Bailey   | Reached XP level 10. HP: 49/94 MP: 4/16
  9618 | Bailey   | Acquired a manual of Axes
 10942 | D:8      | Reached *** piety under Makhleb
 11109 | D:7      | Reached skill level 10 in Invocations
 11508 | D:9      | Noticed a two-headed ogre
 11713 | D:9      | Killed a two-headed ogre
 11849 | D:9      | Noticed a two-headed ogre
 11858 | D:9      | Killed a two-headed ogre
 11891 | D:9      | Reached XP level 11. HP: 75/104 MP: 19/19
 11935 | D:9      | Reached skill level 5 in Shields
 11950 | D:9      | Reached skill level 11 in Invocations
 11978 | D:10     | Entered Level 10 of the Dungeon
 12256 | D:9      | Found a staircase to the Orcish Mines.
 13006 | D:9      | Reached **** piety under Makhleb
 13316 | D:10     | Found a staircase to the Lair.
 13321 | D:10     | Noticed a green ugly thing
 13351 | D:10     | Reached skill level 10 in Axes
 13394 | D:10     | Killed a green ugly thing
 14011 | D:10     | Noticed Erolcha
 14030 | D:10     | Noticed Erolcha
 14030 | D:10     | Erolcha changed into Erolcha the hornet
 14035 | D:10     | Killed Erolcha the hornet
 14325 | D:10     | Reached skill level 12 in Invocations
 14654 | D:10     | Found a transporter.
 14655 | D:10     | Noticed an ogre mage
 14710 | D:11     | Noticed Gastronok
 14712 | D:11     | Noticed a two-headed ogre
 14734 | D:10     | Killed Gastronok
 14842 | D:11     | Killed a two-headed ogre
 14878 | D:11     | Found a gate leading to a gauntlet.
 14886 | Gauntlet | Entered a Gauntlet
 14886 | Gauntlet | Found a transporter.
 14886 | Gauntlet | Found a transporter.
 14886 | Gauntlet | Found a large runed translucent door.
 14886 | Gauntlet | Found a large runed translucent door.
 14886 | Gauntlet | Found a large runed translucent door.
 14886 | Gauntlet | Found a large runed translucent door.
 14886 | Gauntlet | Found a large runed translucent door.
 14886 | Gauntlet | Found a large runed translucent door.
 14886 | Gauntlet | Found a runed translucent door.
 14886 | Gauntlet | Found a runed translucent door.
 14886 | Gauntlet | Found a large runed translucent door.
 14886 | Gauntlet | Found a large runed translucent door.
 14886 | Gauntlet | Found a large runed translucent door.
 14886 | Gauntlet | Found a large runed translucent door.
 14886 | Gauntlet | Found a large runed translucent door.
 14886 | Gauntlet | Found a large runed translucent door.
 14890 | Gauntlet | Found a transporter.
 14890 | Gauntlet | Found a transporter.
 14894 | Gauntlet | Found a large runed translucent door.
 14894 | Gauntlet | Found a large runed translucent door.
 14894 | Gauntlet | Noticed a quicksilver ooze
 14895 | Gauntlet | Found a runed translucent gate.
 14895 | Gauntlet | Found a runed translucent gate.
 14895 | Gauntlet | Found a runed translucent gate.
 14900 | Gauntlet | Found a transporter.
 14910 | Gauntlet | Found a transporter.
 14910 | Gauntlet | Found a transporter.
 14940 | Gauntlet | Found a transporter.
 14947 | Gauntlet | Found a transporter.
 14973 | Gauntlet | Found a transporter.
 14993 | Gauntlet | Found a transporter.
 14993 | Gauntlet | Noticed a fire crab
 15011 | Gauntlet | Found a large runed translucent door.
 15012 | Gauntlet | Found a large runed translucent door.
 15039 | Gauntlet | Found a transporter.
 15041 | Gauntlet | Noticed a hell hog
 15055 | Gauntlet | Found a transporter.
 15066 | Gauntlet | Found a transporter.
 15181 | Gauntlet | Found a transporter.
 15183 | Gauntlet | Noticed a fire crab
 15229 | Gauntlet | Reached XP level 12. HP: 44/116 MP: 13/20
 15242 | Gauntlet | Identified the amulet "Botsoup" {Spirit Fragile rElec Str+4
                  | Dex+4}
 15252 | Gauntlet | Found a transporter.
 15274 | Gauntlet | HP: 2/116 [efreet/bolt of fire (26)]
 15275 | Gauntlet | Killed from afar by an efreet

Illustrated notes

Levels and vault maps discovered:
D:1:      wander_arrival_fairy_ring, layout_basic,
          chequers_ecumenical_altar_twisty
D:2:      layout_rooms, minmay_box_of_dots
D:3:      layout_loops_ring, serial_shops, nicolae_shop_bloodbath_and_beyond,
          wander_ebering_terrifying_dragon_lair
D:4:      layout_loops_ring, nicolae_qazlal_eye_of_the_storm,
          lemuel_temple_firewalk_b, minivault_19,
          minmay_misc_feat_secret_circle, chequers_serial_rivers_micro_b,
          minmay_goblin_outpost, uniq_duvessa, uniq_menkaure
D:5:      minmay_general_purpose_star, layout_loops_ring, minivault_14,
          grunt_decor_arrowhead, minmay_strange_pillars,
          dreamdust_princess_corridor
D:6:      layout_basic, serial_shops, nicolae_shop_behind_doors, uniq_grinder,
          uniq_sigmund, uniq_edmund
D:7:      layout_gridville, enter_bailey_5, grunt_ministairs_9
D:8:      layout_basic, minmay_circle_x
D:9:      layout_cross, kennysheep_orc_monster_closet_entryway
D:10:     gammafunk_beogh_shrine, layout_basic, erik_lair_island, uniq_erolcha
D:11:     layout_basic, gauntlet_entry_generic, serial_shops,
          nicolae_stop_n_shop_1, portal_ice_cave_rime, uniq_gastronok,
          uniq_fannar
Temple:   mainiacjoe_temple_trianglar_array
Gauntlet: gammafunk_gauntlet_branching [nicolae_gauntlet_swirl,
          minmay_gauntlet_arena_make_your_own_arena,
          nicolae_gauntlet_arena_grate_2, nicolae_gauntlet_arena_blocks,
          gammafunk_gauntlet_arena_grid, gammafunk_gauntlet_arena_teeth,
          nicolae_gauntlet_arena_x, gammafunk_gauntlet_arena_crates,
          gauntlet_exit_hidden_loot]

Skill      XL: |  1  2  3  4  5  6  7  8  9 10 11 |
---------------+----------------------------------+-----
Spellcasting   | 2 |  2.0
Fighting       | 1 2 3 4 5 7 8 9 |  9.8
Necromancy     | 5 6 7 8 |  8.7
Axes           | 1 2 3 5 8 11 | 11.3
Throwing       | 2 3 |  3.0
Invocations    | 2 5 9 10 12 | 12.5
Evocations     | 1 4 5 |  5.0
Shields        | 1 4 7 |  7.3
Dodging        | |  2.1
Stealth        | |  2.4

Action                   |  1- 3 |  4- 6 |  7- 9 | 10-12 || total
-------------------------+-------+-------+-------+-------++-------
Melee: Unarmed           |    11 |       |       |       ||    11
       Dagger            |     1 |       |       |       ||     1
       Short sword       |    38 |    81 |       |       ||   119
       Punch             |     1 |     1 |     3 |     1 ||     6
       War axe           |       |    40 |    72 |   222 ||   334
       Flail             |       |       |    73 |    82 ||   155
 Fire: Hunting sling     |       |       |     2 |       ||     2
Throw: Boomerang         |       |       |     5 |     5 ||    10
       Dart              |       |       |       |     9 ||     9
       Javelin           |       |       |       |    10 ||    10
 Cast: Pain              |    51 |    10 |     2 |     3 ||    66
       Animate Skeleton  |     3 |       |       |       ||     3
       Vampiric Draining |     4 |    40 |    80 |   144 ||   268
       Animate Dead      |       |       |     5 |       ||     5
Invok: Lesser Servant of |       |       |       |     4 ||     4
       Major Destruction |       |       |       |     1 ||     1
 Abil: Heal Wounds       |     2 |       |     3 |     8 ||    13
Evoke: Wand              |       |       |     4 |    10 ||    14
  Use: Potion            |     1 |       |     1 |       ||     2
       Scroll            |       |     8 |     7 |     8 ||    23
 Stab: Sleeping          |       |     2 |     1 |     1 ||     4
       Distracted        |       |       |       |     1 ||     1
Armor: Robe              |     9 |    31 |    22 |       ||    62
       Skin              |       |       |     4 |       ||     4
       Leather armour    |       |       |     2 |    90 ||    92
       Steam dragon scal |       |       |     2 |       ||     2
Dodge: Dodged            |    35 |    98 |   110 |   243 ||   486
Block: Other             |       |       |    26 |    37 ||    63
       Reflection        |       |       |     1 |     2 ||     3
       Buckler           |       |       |       |    90 ||    90
       Kite shield       |       |       |       |    70 ||    70

Table legend: (Time is in decaauts)
 A = Elapsed time spent in this place.
 B = Non-inter-level travel time spent in this place.
 C = Inter-level travel time spent in this place.
 D = Time resting spent in this place.
 E = Time spent auto-exploring this place.
 F = Levels seen in this place.
 G = Mean time per level.
                   A        B        C        D        E       F      G
               +--------+--------+--------+--------+--------+-----+--------+
         Total |  15474 |  14908 |    566 |   2406 |   8512 |  14 | 1105.3 |
       Dungeon |  13219 |  12653 |    566 |   1705 |   7823 |  11 | 1201.7 |
        Temple |    381 |    381 |      0 |      0 |    353 |   1 |  381.0 |
        Bailey |   1483 |   1483 |      0 |    701 |    326 |   1 | 1483.0 |
      Gauntlet |    390 |    390 |      0 |      0 |     10 |   1 |  390.0 |
               +--------+--------+--------+--------+--------+-----+--------+

Top non-repeatable levels by time:
    D:10: 1967 daAuts
     D:3: 1590 daAuts
     D:4: 1566 daAuts
  Bailey: 1483 daAuts
     D:5: 1474 daAuts
     D:6: 1288 daAuts
     D:1: 1172 daAuts
     D:8: 1169 daAuts
     D:9: 1080 daAuts
     D:7: 953 daAuts
     D:2: 926 daAuts
Gauntlet: 390 daAuts
  Temple: 381 daAuts
    D:11: 30 daAuts
